 Dungeon Crawl Stone Soup version 0.31-a0-1-g4198be8af4 (webtiles) character file.

Game seed: 4991297633336653568

74 cforsyth the Sneak (level 4, -2/30 HPs)
             Began as a Vampire Enchanter on May 1, 2023.
             Slain by an orc priest
             ... wielding a +0 war axe
              (8 damage)
             ... on level 3 of the Dungeon.
             The game lasted 00:04:39 (2426 turns).

cforsyth the Sneak (Vampire Enchanter)              Turns: 2426, Time: 00:04:40

Health: -2/30      AC:  2    Str:  7    XL:     4   Next: 9%
Magic:  4/7        EV: 13    Int: 25    God:
Gold:   154        SH:  0    Dex: 14    Spells: 3/8 levels left

rFire   . . .        a - +1 dagger
rCold   . . .        (no shield)
rNeg    . . .        b - +0 robe
rPois   .            (no helmet)
rElec   .            (no cloak)
rCorr   .            (no gloves)
SInv    +            (no boots)
Will    .....        (no amulet)
Stlth   +++          f - +6 ring of intelligence
HPRegen 0.45/turn    (no ring)
MPRegen 0.10/turn

%: no passive effects
@: healing quickly
A: alive, fangs 3, see invisible, vampiric 2
a: Exsanguinate


You were on level 3 of the Dungeon.
You visited 1 branch of the dungeon, and saw 3 of its levels.

You collected 154 gold pieces.

Inventory:

Hand Weapons
 a - a +1 dagger (weapon)
Armour
 b - a +0 robe (worn)
Jewellery
 f - a +6 ring of intelligence (left hand)
Scrolls
 d - a scroll of fear {unknown}
 e - a scroll of brand weapon {unknown}
 h - a scroll of identify {unknown}
 k - a scroll of silence {unknown}
Potions
 c - 2 potions of invisibility
 g - 3 potions of cancellation {unknown}
 i - 3 potions of curing {unknown}
 j - a potion of flight {unknown}
 l - a potion of heal wounds {unknown}
 m - a potion of magic {unknown}


   Skills:
 + Level 2.1 Short Blades
 + Level 2.9 Dodging
 + Level 5.2 Stealth
 + Level 2.5 Spellcasting
 + Level 5.1 Hexes


You had 3 spell levels left.
You knew the following spells:

 Your Spells              Type           Power      Damage    Failure   Level
a - Ensorcelled Hibernat  Hex/Ice        32%        N/A       5%          2
b - Confusing Touch       Hex            28%        N/A       3%          3

Your spell library contained the following spells:

 Spells                   Type           Power      Damage    Failure   Level
 Tukima's Dance           Hex            28%        N/A       3%          3
 Kiss of Death            Conj/Necr      12%        2d6       11%         1
 Dazzling Flash           Conj/Hex       32%        N/A       11%         3
 Dispel Undead            Necr           3%         3d7       71%         4


Dungeon Overview and Level Annotations

Branches:
Dungeon (3/15)

Altars:
Nemelex Xobeh
Vehumet
Wu Jian


Innate Abilities, Weirdness & Mutations

Your natural rate of healing is accelerated.
You have razor-sharp teeth.
You have supernaturally acute eyesight. (SInv)
You are afflicted with vampirism and can become a bat while bloodless.


Message History

The orc attacks as you move away! The orc closely misses you.
You hit the orc but do no damage.
The orc appears confused.
You bite the orc.
The orc is moderately wounded.
The orc priest looks satisfied for a moment.
The orc misses the orc.
You feel a bit more experienced.
You start resting.
HP restored.
You start waiting.
Done waiting.
An orc priest is nearby!
Casting: Confusing Touch (dangerous; 3% risk of failure)
Confirm with . or Enter, or press ? or * to list all spells.
Aiming: Ensorcelled Hibernation (safe; 5% risk of failure)
Press: ? - help, Shift-Dir - straight line
Okay, then.
Unknown command.
Casting: Ensorcelled Hibernation (safe; 5% risk of failure)
Confirm with . or Enter, or press ? or * to list all spells.
Your hands begin to glow red.
The orc priest shouts!
The orc priest invokes the aid of Beogh against you.
Pain shoots through your body!
The orc priest mumbles some strange prayers to Beogh against you.
Beogh smites you!
Ouch! That really hurt!
You hit the orc priest but do no damage.
The orc priest appears confused.
The orc priest misses you.
You hit the orc priest.
The orc priest is lightly wounded.
The orc priest hits you with a +0 war axe!
* * * LOW HITPOINT WARNING * * *
You strike the helpless orc priest from behind!
You puncture the orc priest! Your bite misses the orc priest.
The orc priest is almost dead.
The orc priest closely misses you.
You hit the orc priest but do no damage.
The orc priest is almost dead.
The orc priest hits you with a +0 war axe!
You die...

#.# #.# #.#######.###
#...........#
#.#####.#.#.#
#.......#.#.#
#.##.##.....#
#######.##.##.#.#.#
####....o#.##......#.#
##........@.#####.#.#.#
##..##'##..#.#
#.#.#.#####
##..##≈.≈##..##
#..........
#####..##≈≈.≈≈##..##
#.#..######
......##≈≈...≈≈##..#
#.#..#
......##≈.....≈##..#
#.#..#
.....##8_.._.._8##.#
###..#
.....######8######.#
#..# ####.# #.#####.#
#.# #..#


You could see an orc priest (confused).

Vanquished Creatures
  3 adders
  A dart slug (D:3)
  3 orcs (D:3)
  2 endoplasms (D:1)
  4 giant cockroaches (D:1)
  4 goblins
  3 hobgoblins (D:1)
  3 jackals
  2 quokkas
  3 bats
  4 frilled lizards
  5 kobolds (D:1)
  3 rats
40 creatures vanquished.

Notes
Turn   | Place    | Note
-------+----------+-------------------------------------------
     0 | D:1      | cforsyth the Vampire Enchanter began the quest for the Orb.
     0 | D:1      | Reached XP level 1. HP: 13/13 MP: 3/3
   102 | D:1      | Reached XP level 2. HP: 18/19 MP: 5/5
   180 | D:1      | Learned a level 2 spell: Ensorcelled Hibernation
   297 | D:1      | Found a faded altar of an unknown god.
   816 | D:2      | Found a radiant altar of Vehumet.
   871 | D:2      | Gained mutation: You are afflicted with vampirism and can
                  | become a bat while bloodless. [Vampire growth]
   871 | D:2      | Reached XP level 3. HP: 24/24 MP: 6/6
  1575 | D:3      | Reached skill level 5 in Stealth
  1575 | D:3      | Reached skill level 5 in Hexes
  1671 | D:3      | Learned a level 3 spell: Confusing Touch
  1848 | D:3      | Found an ornate altar of the Wu Jian Council.
  1848 | D:3      | Found a radiant altar of Vehumet.
  1849 | D:3      | Found a sparkling altar of Nemelex Xobeh.
  1886 | D:3      | Reached XP level 4. HP: 25/30 MP: 3/7
  2426 | D:3      | Slain by an orc priest

Illustrated notes

Levels and vault maps discovered:
D:1:      scummos_arrival_hexagon, layout_loops_cross,
          ebering_ecumenical_altar_sacrificial
D:2:      layout_loops_corners, basic_altar, moated_statue
D:3:      layout_basic, gammafunk_temple_overflow_claw

Skill      XL: |  1  2  3 |
---------------+----------+-----
Stealth        | 5 |  5.2
Hexes          | 5 |  5.1
Short Blades   | 2 |  2.1
Dodging        | |  2.9
Spellcasting   | |  2.5

Action                     |  1- 3 |  4- 6 || total
---------------------------+-------+-------++-------
  Melee: Dagger            |    96 |    18 ||   114
         Bite              |     7 |     3 ||    10
         Punch             |     1 |       ||     1
   Cast: Ensorcelled Hiber |     6 |       ||     6
         Confusing Touch   |     4 |     5 ||     9
   Stab: Sleeping          |    16 |       ||    16
         Confused          |     1 |     1 ||     2
 Armour: Robe              |    20 |     3 ||    23
  Dodge: Dodged            |    49 |    19 ||    68

Table legend: (Time is in decaauts)
 A = Elapsed time spent in this place.
 B = Non-inter-level travel time spent in this place.
 C = Inter-level travel time spent in this place.
 D = Time resting spent in this place.
 E = Time spent auto-exploring this place.
 F = Levels seen in this place.
 G = Mean time per level.
                   A        B        C        D        E       F      G
               +--------+--------+--------+--------+--------+-----+--------+
         Total |   2416 |   2338 |     78 |    111 |   1782 |   3 |  805.3 |
       Dungeon |   2416 |   2338 |     78 |    111 |   1782 |   3 |  805.3 |
               +--------+--------+--------+--------+--------+-----+--------+

Top non-repeatable levels by time:
     D:3: 893 daAuts
     D:2: 824 daAuts
     D:1: 699 daAuts
